 Dungeon Crawl Stone Soup version 0.30.0-10-gfe55d96785 (webtiles) character file.

Game seed: 6346264183547669668

112 browni3141 the Slasher (level 4, 0/30 (36) HPs)
             Began as a Demigod Reaver on May 14, 2023.
             Slain by a gnoll
             ... wielding a +0 whip
              (7 damage)
             ... on level 3 of the Dungeon.
             The game lasted 00:03:26 (2655 turns).

browni3141 the Slasher (Demigod Reaver)             Turns: 2655, Time: 00:03:27

HP:   0/30 (36)     AC:  6    Str: 13    XL:     4   Next: 37%
MP:   8/9           EV: 12    Int: 15    God:
Gold: 178           SH:  0    Dex: 16    Spells: 6/7 levels left

rFire   . . .        b - +0 shortbow
rCold   . . .        (shield currently unavailable)
rNeg    . . .        L - +0 leather armour
rPois   .            (no helmet)
rElec   .            (no cloak)
rCorr   .            (no gloves)
SInv    .            W - +2 pair of boots
Will    .....        (no amulet)
Stlth   +            (no ring)
HPRegen 0.25/turn    (no ring)
MPRegen 0.11/turn

%: no passive effects
@: heavily drained
A: high MP 1, forlorn, divine attributes
a: no special abilities


You were on level 3 of the Dungeon.
You visited 1 branch of the dungeon, and saw 4 of its levels.

You collected 178 gold pieces.

Inventory:

Hand Weapons
 a - a +0 falchion
 b - a +0 shortbow (weapon)
 R - a +0 sling
Missiles
 J - 6 curare-tipped darts
 T - 4 boomerangs
 X - 7 poisoned darts
Armour
 L - a +0 leather armour (worn)
 W - a +2 pair of boots (worn)
Magical Staves
 S - a staff of poison
Jewellery
 O - a ring of wizardry
Scrolls
 f - a scroll of identify {unknown}
 g - a scroll of immolation {unknown}
 M - a scroll of fear {unknown}
 N - a scroll of poison {unknown}
 V - a scroll of teleportation {unknown}
 Z - a scroll of fog {unknown}
Potions
 d - 2 potions of brilliance {unknown}
 e - a potion of degeneration {unknown}
 C - 2 potions of curing
 K - a potion of invisibility {unknown}
 U - a potion of haste {unknown}
 Y - 2 potions of mutation {unknown}


   Skills:
 - Level 2.0 Fighting
 * Level 4.5 Long Blades
 - Level 2.0 Dodging
 - Level 2.0 Spellcasting
 - Level 3.0 Conjurations


You had 6 spell levels left.
You knew the following spells:

 Your Spells              Type           Power      Damage    Failure   Level
K - Kiss of Death         Conj/Necr      24%        2d7       16%         1

Your spell library contained the following spells:

 Spells                   Type           Power      Damage    Failure   Level
 Momentum Strike          Conj/Tloc      12%        3d8       22%         2
 Hailstorm                Conj/Ice       6%         3d4       41%         3
 Call Canine Familiar     Summ           1%         N/A       63%         3
 Portal Projectile        Hex/Tloc       2%         N/A       63%         3
 Vhi's Electric Charge    Tloc/Air       2%         N/A       63%         3
 Leda's Liquefaction      Hex/Erth       0%         N/A       95%         4
 Arcjolt                  Conj/Air       3%         1d13      99%         5
 Maxwell's Capacitive Co  Air            0%         ∞         100%        8


Dungeon Overview and Level Annotations

Branches:
Dungeon (4/15)
 Temple: D:4-7

Shops:
D:3 =


Innate Abilities, Weirdness & Mutations

You have an increased reservoir of magic. (+10% MP)
You shall have no god before yourself.
Your divine heritage dramatically boosts your attributes as you level up.


Message History

No target in view!
No target in view!
You now have 178 gold pieces (gained 16).
X - 7 poisoned darts (gained 5)
Things that are here:
a +0 dagger; a kobold corpse 2 gnolls come into view.
The gnoll shouts! x2; You hear a shout!
You see here 3 gold pieces.
You shoot an arrow. The arrow hits the gnoll!
The gnoll is heavily wounded.
You shoot an arrow.
The arrow hits the gnoll but does no damage.
The gnoll is heavily wounded.
A gnoll comes into view. It is wielding a +0 flail.
You shoot an arrow. The arrow barely misses the gnoll.
The gnoll shouts!
The gnoll misses you.
You shoot an arrow. The arrow hits the gnoll!
You kill the gnoll!
A gnoll comes into view. It is wielding a +0 whip.
You shoot an arrow. The arrow completely misses the gnoll.
The gnoll hits you with a +0 whip.
Fire: b) +0 shortbow
Press: ? - help, Q - select action, (/) - cycle Shift-Dir - straight line, f - gnoll, p - gnoll
Aim: a gnoll, wielding a +0 whip (64% to hit)
You shoot an arrow. The arrow barely misses the gnoll.
The arrow hits the gnoll but does no damage.
Fire: b) +0 shortbow
Press: ? - help, Q - select action, (/) - cycle Shift-Dir - straight line, f/p - gnoll
Aim: a gnoll, wielding a +0 whip (64% to hit)
You shoot an arrow.
The arrow hits the gnoll but does no damage.
The gnoll hits you with a +0 flail!
Fire: b) +0 shortbow
Press: ? - help, Q - select action, (/) - cycle Shift-Dir - straight line, f/p - gnoll
Aim: a gnoll, wielding a +0 whip (64% to hit)
Okay, then.
Casting: Kiss of Death (safe; 16% risk of failure)
Confirm with . or Enter, or press ? or * to list all spells.
Okay, then.
The gnoll barely misses you. The gnoll attacks as you move away!
The gnoll hits you with a +0 flail.
* * * LOW HITPOINT WARNING * * *
The gnoll attacks as you move away! The gnoll hits you with a +0 whip.
* * * LOW HITPOINT WARNING * * *
The gnoll attacks as you move away! The gnoll hits you with a +0 flail.
* * * LOW HITPOINT WARNING * * *
The gnoll attacks as you move away! The gnoll hits you with a +0 whip.
* * * LOW HITPOINT WARNING * * *
Casting: Kiss of Death (safe; 16% risk of failure)
Confirm with . or Enter, or press ? or * to list all spells.
Aiming: Kiss of Death (safe; 16% risk of failure)
Press: ? - help, Shift-Dir - straight line, f - gnoll
Aim: a gnoll, wielding a +0 flail (100% to hit)
Okay, then.
It was a potion of curing.
You feel better.
C - 2 potions of curing The gnoll misses you.
Casting: Kiss of Death (safe; 16% risk of failure)
Confirm with . or Enter, or press ? or * to list all spells.
Aiming: Kiss of Death (safe; 16% risk of failure)
Press: ? - help, Shift-Dir - straight line, f - gnoll, p - gnoll
Aim: a gnoll, wielding a +0 flail (100% to hit)
The negative energy hits the gnoll!
The gnoll is drained!
You kill the gnoll!
You feel drained.
Unknown command.
Casting: Kiss of Death (safe; 16% risk of failure)
Confirm with . or Enter, or press ? or * to list all spells.
Okay, then.
Fire: b) +0 shortbow
Press: ? - help, Q - select action, (/) - cycle Shift-Dir - straight line, f - gnoll
Aim: a gnoll, wielding a +0 whip (64% to hit)
You shoot an arrow. The arrow completely misses the gnoll.
The arrow hits the gnoll!
The gnoll is severely wounded.
The gnoll barely misses you.
Fire: b) +0 shortbow
Press: ? - help, Q - select action, (/) - cycle Shift-Dir - straight line, f/p - gnoll
Aim: a gnoll, wielding a +0 whip (64% to hit)
You shoot an arrow. The arrow closely misses the gnoll.
The arrow hits the gnoll.
The gnoll is almost dead.
The gnoll hits you with a +0 whip.
* * * LOW HITPOINT WARNING * * *
The gnoll barely misses you.
Fire: b) +0 shortbow
Press: ? - help, Q - select action, (/) - cycle Shift-Dir - straight line, f/p - gnoll
Aim: a gnoll, wielding a +0 whip (64% to hit)
You shoot an arrow. The arrow hits the gnoll.
The gnoll is heavily wounded.
The gnoll closely misses you.
Fire: b) +0 shortbow
Press: ? - help, Q - select action, (/) - cycle Shift-Dir - straight line, f/p - gnoll
Aim: a gnoll, wielding a +0 whip (heavily wounded, 64% to hit)
You shoot an arrow. The arrow hits the gnoll.
The gnoll is severely wounded.
The gnoll hits you with a +0 whip!
You die...

#.#.#.##..#.#.##..# #........
#)#.#.#...#.#.##..#########...
#.#.#.#..## #.##..............
#)#.#'#..# #.####..##########
#........# #.# ##..#
#.........# #.# ##.#
#......#### #.# .# #......+
#[# .# #......# #@# ..
#......######g# ##
########.....g# ......)......#
######$.....# #......#
#..)...# #......# ########


You could see 2 gnolls.

Vanquished Creatures
  2 gnolls (D:3)
  3 adders (D:2)
  A worm (D:2)
  3 dart slugs (D:3)
  3 orcs (D:3)
  4 bats
  4 endoplasms
  A giant cockroach (D:1)
  4 hobgoblins
  6 kobolds
  3 quokkas
  3 ball pythons
  3 frilled lizards
  7 goblins
  4 rats
51 creatures vanquished.

Notes
Turn   | Place    | Note
-------+----------+-------------------------------------------
     0 | D:1      | browni3141 the Demigod Reaver began the quest for the Orb.
     0 | D:1      | Reached XP level 1. HP: 17/17 MP: 5/5
   558 | D:1      | Reached XP level 2. HP: 24/24 MP: 7/7
  1001 | D:2      | Reached skill level 3 in Long Blades
  1001 | D:2      | Reached skill level 3 in Conjurations
  1186 | D:2      | Identified the +5 dagger of Punishment {elec, Fragile rElec
                  | rF+ Int+3}
  1290 | D:2      | Reached XP level 3. HP: 11/24 MP: 6/8
  1434 | D:2      | You fall into a shaft and drop 2 floors!
  1780 | D:2      | Reached skill level 4 in Long Blades
  2206 | D:3      | Found Ryezoz's Jewellery Emporium.
  2384 | D:3      | Reached XP level 4. HP: 34/34 MP: 9/9
  2655 | D:3      | Slain by a gnoll

Illustrated notes

Levels and vault maps discovered:
D:1:      dpeg_arrival_stonehenge_8_columns, layout_basic, minmay_tetromino_t2
D:2:      layout_basic, nicolae_ecumenical_oubliette
D:3:      layout_basic, mainiacjoe_overflow_small_starburst, marbit_many_paths,
          serial_shops, shop
D:4:      layout_cave_pools, uniq_menkaure

Skill      XL: |  1  2  3 |
---------------+----------+-----
Fighting       | 2 |  2.0
Dodging        | 2 |  2.0
Spellcasting   | 2 |  2.0
Long Blades    | 3 4 |  4.5
Conjurations   | 3 |  3.0

Action                     |  1- 3 |  4- 6 || total
---------------------------+-------+-------++-------
  Melee: Falchion          |   152 |     2 ||   154
         Punch             |     2 |       ||     2
   Fire: Sling             |    16 |     7 ||    23
         Shortbow          |       |    18 ||    18
   Cast: Kiss of Death     |     3 |     1 ||     4
    Use: Potion            |       |     1 ||     1
   Stab: Sleeping          |     1 |       ||     1
 Armour: Leather armour    |    36 |     1 ||    37
  Dodge: Dodged            |   100 |    10 ||   110
